 Dungeon Crawl Stone Soup version 0.21-a0-529-g8c7b3f5 (webtiles) character file.

32 KristoblXynda the Chopper (level 3, -4/28 HPs)
             Began as a Barachi Gladiator on Dec 10, 2017.
             Slain by Sigmund
             ... wielding a +0 scythe
              (13 damage)
             ... on level 2 of the Dungeon.
             The game lasted 00:04:31 (709 turns).

KristoblXynda the Chopper (Barachi Gladiator)        Turns: 709, Time: 00:04:31

Health: -4/28      AC:  9    Str: 19    XL:     3   Next: 27%
Magic:  3/3        EV:  9    Int:  9    God:
Gold:   47         SH:  0    Dex: 13    Spells: 2/2 levels left

rFire    . . .     SeeInvis .   a - +0 war axe
rCold    . . .     Gourm    .   (no shield)
rNeg     . . .     Faith    .   j - +0 chain mail
rPois    .         Spirit   .   c - +0 helmet
rElec    .         Reflect  .   (no cloak)
rCorr    .         Harm     .   (no gloves)
MR       .....                  (no boots)
Stlth    ..........             (no amulet)
HPRegen  0.09/turn              e - +4 ring of strength
MPRegen  0.08/turn              (no ring)

@: confused, slow
A: +LOS, swims, slowness 1, strong legs 1
a: Hop


You were on level 2 of the Dungeon.
You were not hungry.

You visited 1 branch of the dungeon, and saw 2 of its levels.

You collected 47 gold pieces.

Inventory:

Hand Weapons
 a - a +0 war axe (weapon)
Missiles
 d - 3 throwing nets (quivered)
Armour
 c - a +0 helmet (worn)
 j - a +0 chain mail (worn)
Jewellery
 e - a +4 ring of strength (left hand)
Scrolls
 b - a scroll of blinking {unknown}
Potions
 h - a potion of haste
Comestibles
 f - a bread ration
 g - a royal jelly


   Skills:
 - Level 2.4 Fighting
 + Level 3.8 Axes
 - Level 2.0 Throwing
 + Level 1.7 Armour
 + Level 3.8 Dodging


You had 2 spell levels left.
You didn't know any spells.

Dungeon Overview and Level Annotations

Branches:
Dungeon (2/15)

Altars:

Annotations:
D:2 Sigmund


Innate Abilities, Weirdness & Mutations

Shadows flee at your approach. (+LOS)
You can swim through water.
You cover ground slowly.
You can hop short distances.


Message History

You slash the goblin!
You kill the goblin!
You hear some strange, mumbled words.
You are confused.
Unknown command.
You bump into the rock wall.
Something hits you.
You bump into the rock wall.
You hear some strange, mumbled words.
You are more confused.
Okay, then.
You're too confused!
Unknown command.
You bump into the rock wall.
Something hits you!
You're too confused to move!
You hear some strange, mumbled words.
You are more confused.
Something hits you but does no damage.
You bump into the rock wall.
Something hits you!
You die...

....##...#..#.##.# #.#
............#.##.# #.#
.................# #.#
..#.##.###..####.###.##.#
. #. #. #......†.......#
# #. #..####.###.##.....
.. ...# #.# #.# ##### #
###.# #.# #.#
###.####@###.##.#
................#
###.####.###.#### ### ###


There were no monsters in sight!

Vanquished Creatures
  An ooze (D:1)
  A leopard gecko (D:1)
  7 bats (D:1)
  2 giant cockroaches (D:1)
  2 hobgoblins (D:1)
  A ball python (D:1)
  4 frilled lizards
  5 goblins
  2 kobolds (D:1)
  3 rats (D:1)
28 creatures vanquished.

Notes
Turn   | Place    | Note
-------+----------+-------------------------------------------
     0 | D:1      | KristoblXynda the Barachi Gladiator began the quest for the Orb.
     0 | D:1      | Reached XP level 1. HP: 17/17 MP: 1/1
   118 | D:1      | Reached skill level 1 in Armour
   118 | D:1      | Reached XP level 2. HP: 21/23 MP: 2/2
   343 | D:1      | Reached XP level 3. HP: 28/28 MP: 3/3
   679 | D:2      | Noticed Sigmund
   709 | D:2      | Slain by Sigmund

Vault maps used:
D:1:      nzn_arrival_depleted_hourglass, minmay_misc_feat_rugged, hex_medium
D:2:      nemelex_altar_shiori, chequers_temple_overflow_minitemple,
          uniq_terence, uniq_sigmund

Skill      XL: |  1 |
---------------+----+-----
Armour         | 1 |  1.7
Fighting       | |  2.4
Axes           | |  3.8
Throwing       | |  2.0
Dodging        | |  3.8

Action                   || total
-------------------------++-------
Melee: War axe           ||    77
  Use: Scroll            ||     1
Armor: Leather armour    ||    57
       Chain mail        ||     4
Dodge: Dodged            ||   107

Table legend:
 A = Spawn XP
 B = Non-spawn XP
 C = Spawn XP percentage of total XP
 D = Spawn monster count
 E = Non-spawn monster count
 F = Spawn count percentage of total count
 G = Total turns spent on level
                    A         B        C        D         E        F      G
               +---------+---------+-------+---------+---------+-------+---------
         Total |       0 |      47 |   0.0 |       0 |      28 |   0.0 |   709
               +---------+---------+-------+---------+---------+-------+---------
           D:1 |       0 |      44 |   0.0 |       0 |      26 |   0.0 |   652
           D:2 |       0 |       3 |   0.0 |       0 |       2 |   0.0 |    57
               +---------+---------+-------+---------+---------+-------+---------
